AoeStats
← joosephy

MegaRandom

507983847Analyzed
4v4 RM · 12d ago on Sep 20, 2026· 33m 31s· 8 players
Game mode
Random Map
Map size
Large (8 player)
Population
200
Speed
Normal
Resources
Standard
Victory
Conquest
Starting age
Dark Age
Ending age
Imperial Age
RankedLock teamsTeams togetherTeam positionsShared explorationLock speedFull tech treeHidden civsTurbo modeCheats
Victory
Defeat
🇨🇳 Ethiopians · China
1587
+13
🇨🇳 Muisca · China
1479
+17
🇨🇳 Wei · China
1462
+18
🇹🇼 Magyars · Taiwan
1540
-17
🇭🇰 Mongols · Hong Kong SAR China
1515
-16
🇫🇷 Burgundians · France
1501
-16
🇲🇽 Romans · Mexico
1487
-15
黑人快去挖矿
10:46 Feudal Age
14:22 Town Watch
17:33 Castle Age
15:36 Loom
15:54 Fishing Lines
16:29 Double-Bit Axe
17:21 Gold Mining
19:43 Medium Warships
21:05 Scale Mail Armor
22:24 Pikeman
24:33 Wheelbarrow
25:38 Fervor
26:18 Forging
26:20 Atonement
26:50 Redemption
26:31 Horse Collar
27:03 Bow Saw
30:49 Squires
30:30 Champi Runner
31:05 Stone Mining
31:25 Gillnets
32:40 Hand Cart
33:53 Atonement
34:24 Sanctity
34:18 Fervor
Princess Mi Amore Cadenza
6:52 Loom
9:20 Feudal Age
9:54 Double-Bit Axe
17:11 Fletching
20:30 Horse Collar
26:48 Castle Age
25:41 Gold Mining
28:07 Bodkin Arrow
28:34 Bow Saw
29:55 Wheelbarrow
30:07 Heavy Plow
30:29 Medium Warships
32:30 Stone Mining
33:15 Gold Shaft Mining
BiliBili风间
8:36 Loom
10:49 Feudal Age
11:51 Double-Bit Axe
12:44 Town Watch
18:38 Castle Age
17:30 Forging
17:10 Fishing Lines
19:46 Wheelbarrow
19:32 Medium Warships
19:33 Bow Saw
21:28 Iron Casting
21:48 Gillnets
22:50 Clinker Construction
22:55 Careening
24:50 Gold Mining
24:33 Demolition Ship
27:36 Hand Cart
31:50 Imperial Age
30:13 Squires
30:51 Gold Shaft Mining
30:07 Stone Mining
30:19 Horse Collar
33:35 Chemistry
32:43 Torsion Engines
33:03 Conscription
32:11 Onager
33:33 Heavy Warships
34:51 Two-Man Saw
33:54 Heavy Plow
33:59 Fletching
正在以雷霆之姿草飞啊这的老冯
5:43 Double-Bit Axe
11:44 Feudal Age
15:26 Castle Age
15:04 Bow Saw
15:06 Fishing Lines
17:21 Scale Barding Armor
17:27 Forging
24:12 Horse Collar
25:34 Fletching
27:43 Loom
29:17 Chain Barding Armor
31:21 Wheelbarrow
30:49 Heavy Plow
33:59 Iron Casting
34:23 Hand Cart
antorse31
5:53 Double-Bit Axe
9:53 Wheelbarrow
11:50 Feudal Age
10:21 Loom
11:08 Fishing Lines
13:04 Horse Collar
13:37 Bow Saw
14:54 Hand Cart
14:38 Gillnets
14:35 Horse Collar
18:07 Castle Age
17:20 Heavy Plow
17:38 Forging
17:47 Gold Mining
18:11 Cavalier
20:06 Husbandry
21:34 Scale Barding Armor
21:44 Town Watch
26:56 Chain Barding Armor
29:08 Fletching
joosephy
6:57 Loom
9:54 Feudal Age
15:23 Castle Age
13:21 Fishing Lines
13:32 Double-Bit Axe
17:24 Medium Warships
19:43 Wheelbarrow
22:08 Town Watch
33:22 Imperial Age
大庆Song
5:16 Loom
11:32 Feudal Age
13:10 Wheelbarrow
17:01 Castle Age
15:54 Double-Bit Axe
16:32 Horse Collar
22:21 Padded Archer Armor
26:12 Gold Mining
27:02 Fletching
27:38 Bodkin Arrow
28:51 Leather Archer Armor
30:24 Bow Saw
30:50 Gold Shaft Mining
32:35 Bloodlines
32:38 Heavy Plow
Kanon
7:37 Loom
10:05 Feudal Age
13:33 Fletching
15:16 Padded Archer Armor
19:24 Horse Collar
20:37 Double-Bit Axe
28:34 Castle Age
29:07 Gold Mining
29:33 Medium Warships
29:31 Bodkin Arrow
30:35 Pikeman
Connection lost

Rejoining the realm…

Still unreachable

The connection could not be restored.

Session expired

The server has moved on; the page needs a fresh start.